 Dungeon Crawl Stone Soup version 0.19-a0-1903-gead39cf (webtiles) character file.

345 LORDOFBUTT the Chopper (level 6, -3/53 HPs)
             Began as a Minotaur Fighter on Oct 20, 2016.
             Slain by Thraspic's ghost (12 damage)
             ... on level 4 of the Dungeon.
             The game lasted 00:01:36 (1554 turns).

LORDOFBUTT the Chopper (Minotaur Fighter)           Turns: 1554, Time: 00:01:37

Health: -3/53      AC:  7    Str: 26    XL:     6   Next: 32%
Magic:  5/5        EV:  8    Int:  5    God:
Gold:   151        SH: 10    Dex: 11    Spells: 0 memorised, 5 levels left

rFire  . . .     SeeInvis .     e - +1 hand axe (venom)
rCold  . . .     Gourm    .     b - +0 scale mail
rNeg   . . .     Faith    .     c - +0 shield
rPois  .         Spirit   .     (helmet restricted)
rElec  .         Reflect  .     (no cloak)
rCorr  .         Harm     .     (no gloves)
MR     .....                    (no boots)
Stlth  ..........               (no amulet)
                                (no ring)
                                (no ring)

@: mighty
A: retaliatory headbutt, horns 2
a: no special abilities


You were on level 4 of the Dungeon.
You were not hungry.

You visited 1 branch of the dungeon, and saw 4 of its levels.

You collected 151 gold pieces.

Inventory:

Hand Weapons
 a - a +0 war axe
 e - a +1 hand axe of venom (weapon)
Armour
 b - a +0 scale mail (worn)
 c - a +0 shield (worn)
Jewellery
 r - an uncursed amulet of the gourmand {unknown}
Scrolls
 g - 2 scrolls of teleportation {unknown}
 h - 2 scrolls of noise {unknown}
 i - a scroll of amnesia {unknown}
 j - 2 scrolls of recharging {unknown}
 n - a scroll of enchant weapon {unknown}
 u - 2 scrolls of remove curse {unknown}
 w - a scroll of identify {unknown}
 x - a scroll of magic mapping {unknown}
Potions
 d - a potion of might
 k - a potion of berserk rage {unknown}
 l - a potion of flight {unknown}
 m - a potion of cancellation {unknown}
 p - 2 potions of curing {unknown}
 q - 2 potions of magic {unknown}
 s - a potion of resistance {unknown}
 t - a potion of agility {unknown}
 v - a potion of lignification {unknown}
Comestibles
 f - a bread ration
 o - 2 meat rations


   Skills:
 + Level 4.4 Fighting
 + Level 5.4 Axes
 + Level 5.0 Armour
 + Level 1.8 Dodging
 + Level 4.8 Shields


You had 5 spell levels left.
You didn't know any spells.

Dungeon Overview and Level Annotations

Branches:
Dungeon (4/15)
 Temple: D:4-7

Altars:

Shops:
D:4 ?(*

Annotations:
D:4 Thraspic's ghost, novice OpBe


Innate Abilities, Weirdness & Mutations

You reflexively headbutt those who attack you in melee.
You have a pair of horns on your head.


Message History

Thraspic's ghost barely misses you.
You hit Thraspic's ghost but do no damage.
You headbutt Thraspic's ghost.
Thraspic's ghost is heavily damaged.
Thraspic's ghost hits you but does no damage.
A worker ant comes into view.
You closely miss Thraspic's ghost.
The worker ant twitches its antennae in your direction.
You headbutt Thraspic's ghost!
Thraspic's ghost is almost destroyed.
The worker ant moves out of view.
Thraspic's ghost hits you!
* * * LOW HITPOINT WARNING * * *
You block Thraspic's ghost's attack.
You feel very mighty all of a sudden.
Thraspic's ghost says, "Your head would complement my pike nicely."
You block Thraspic's ghost's attack.
You closely miss Thraspic's ghost.
Thraspic's ghost is almost destroyed.
Thraspic's ghost hits you!
You die...

#.......##... ##..
......#.....##.. #...
.......##........ ....
#......###....... #..#
#......####......
#...##............∩...
#..$.................
##..W.................
#....@....##..........
#..a###....###.)......#
... ##...# ##......## .
#...# ###....##
##..###......#
#...........# ..
##......##...# ..#
#......###...### ...#
#.....####...##.


You could see a worker ant and Thraspic's ghost.

Vanquished Creatures
  A phantom (D:4)
  A bullfrog (D:4)
  A scorpion (D:4)
  A worker ant (D:4)
  5 adders
  An ooze (D:3)
  2 worms
  2 dart slugs
  3 leopard geckos
  7 hobgoblins
  4 jackals (D:2)
  A ball python (D:3)
  9 bats
  3 frilled lizards
  7 goblins
  9 kobolds
  7 rats
64 creatures vanquished.

Notes
Turn   | Place    | Note
-------+----------+-------------------------------------------
     0 | D:1      | LORDOFBUTT the Minotaur Fighter began the quest for the Orb.
     0 | D:1      | Reached XP level 1. HP: 19/19 MP: 0/0
   165 | D:1      | Reached XP level 2. HP: 20/27 MP: 1/1
   506 | D:2      | Reached XP level 3. HP: 32/33 MP: 2/2
   852 | D:3      | Reached XP level 4. HP: 40/40 MP: 3/3
  1044 | D:3      | Reached skill level 1 in Dodging
  1237 | D:4      | Reached XP level 5. HP: 27/46 MP: 4/4
  1249 | D:4      | Found Mequuc's Antique Weapon Boutique.
  1324 | D:4      | Noticed a phantom
  1337 | D:4      | Killed a phantom
  1337 | D:4      | Reached skill level 5 in Axes
  1414 | D:4      | Reached skill level 5 in Armour
  1414 | D:4      | Reached XP level 6. HP: 19/53 MP: 5/5
  1447 | D:4      | Found Gamozyh's Magic Scroll Emporium.
  1504 | D:4      | Found Xiuteix's Assorted Antiques.
  1544 | D:4      | Noticed Thraspic's ghost (novice OpBe)
  1554 | D:4      | Slain by Thraspic's ghost

Vault maps used:
D:1:      evilmike_arrival_rings
D:3:      first_bread, minmay_splitting_lines
D:4:      serial_shops, nicolae_shop_statue_plus, shop, shop,
          nicolae_shop_crystal, shop

Skill      XL: |  1  2  3  4  5 |
---------------+----------------+-----
Shields        | 4 |  4.8
Armour         | 4 5 |  5.0
Axes           | 3 4 5 |  5.4
Dodging        | 1 |  1.8
Fighting       | 4 |  4.4

Action                   |  1- 3 |  4- 6 || total
-------------------------+-------+-------++-------
Melee: War axe           |     8 |       ||     8
       Hand axe          |    62 |    56 ||   118
       Headbutt          |    11 |    12 ||    23
  Use: Potion            |       |     1 ||     1
  Eat: Bread ration      |       |     1 ||     1
Armor: Scale mail        |    33 |    17 ||    50
Dodge: Dodged            |    18 |    12 ||    30
Block: Shield            |    31 |    17 ||    48
